 Dungeon Crawl Stone Soup version 0.25-a0-667-gb977e01cb5 (webtiles) character file.

Game seed: 4695943659455630705, levelgen mode: deterministic

1570 MisterFreud the Slicer (level 8, -5/72 HPs)
             Began as a Naga Ice Elementalist on Mar 27, 2020.
             Shot with an arrow by a centaur (13 damage)
             ... on level 8 of the Dungeon.
             The game lasted 00:14:57 (4791 turns).

MisterFreud the Slicer (Naga Ice Elementalist)      Turns: 4791, Time: 00:14:59

Health: -5/72      AC:  6    Str: 10    XL:     8   Next: 90%
Magic:  11/11      EV:  9    Int: 17    God:
Gold:   315        SH:  4    Dex: 13    Spells: 7/11 levels left

rFire    . . .     SeeInvis +   r - +1 dagger (elec)
rCold    . . .     Gourm    .   e - +0 buckler
rNeg     . . .     Faith    .   a - +0 robe
rPois    +         Spirit   .   (no helmet)
rElec    .         Reflect  .   F - +1 cloak
rCorr    .         Harm     .   j - +0 pair of gloves
MR       +....                  (no barding)
Stlth    ++........             (no amulet)
HPRegen  0.22/turn              (no ring)
MPRegen  0.12/turn              (no ring)

@: drained, very slow
A: large, see invisible, deformed body, poison resistance, slowness 2, slow
metabolism 1, spit poison 1, AC +2
a: Spit Poison


You were on level 8 of the Dungeon.
You were not hungry.

You visited 1 branch of the dungeon, and saw 8 of its levels.

You collected 315 gold pieces.

Inventory:

Hand Weapons
 d - a +0 hunting sling
 r - a +1 dagger of electrocution (weapon)
Missiles
 f - 161 stones (quivered)
 n - 45 bolts
 s - 81 arrows
 A - 12 poisoned darts
 B - 8 boomerangs
 H - a throwing net
Armour
 a - a +0 robe (worn)
 e - a +0 buckler (worn)
 j - a +0 pair of gloves (worn)
 F - a +1 cloak (worn)
Jewellery
 g - an uncursed ring of positive energy
Wands
 t - a wand of acid (10)
 u - a wand of paralysis (3)
 z - a wand of disintegration (16)
 D - a wand of polymorph (9)
 K - a wand of enslavement (11)
Scrolls
 b - a scroll of noise {unknown}
 h - 4 scrolls of remove curse
 k - 2 scrolls of enchant weapon
 l - 2 scrolls of fog {unknown}
 q - 2 scrolls of blinking {unknown}
 y - a scroll of enchant armour {unknown}
 G - a scroll of immolation {unknown}
 J - a scroll of magic mapping {unknown}
Potions
 i - 2 potions of cancellation
 m - 3 potions of flight
 o - 2 potions of stabbing
 p - a potion of magic
 v - 2 potions of curing
 w - a potion of haste
 x - a potion of degeneration
 E - 2 potions of mutation {unknown}
 I - a potion of resistance {unknown}
Comestibles
 c - 11 rations
 C - 4 chunks of flesh


   Skills:
 - Level 4.0(3.4) Fighting
 + Level 8.2(7.5) Short Blades
 - Level 1.5(1.0) Dodging
 - Level 3.0(2.4) Stealth
 - Level 2.5(1.9) Shields
 - Level 2.0(1.4) Spellcasting
 - Level 6.0(5.4) Ice Magic


You had 7 spell levels left.
You knew the following spells:

 Your Spells              Type           Power        Failure   Level  Hunger
a - Freeze                Ice            ###.         2%          1    ##.....
b - Frozen Ramparts       Ice            ###...       8%          3    ####...

Your spell library contained the following spells:

 Spells                   Type           Power        Failure   Level  Hunger
 Magic Dart               Conj           #...         22%         1    ##.....
 Ozocubu's Armour         Chrm/Ice       ##......     22%         3    ####...
 Blink                    Tloc           N/A          34%         2    ###....
 Call Imp                 Summ           #.......     34%         2    ###....
 Slow                     Hex            #.......     34%         2    ###....
 Conjure Flame            Conj/Fire      #.......     56%         3    ####...
 Mephitic Cloud           Conj/Pois/Air  #.......     56%         3    ####...
 Hailstorm                Conj/Ice       ##......     58%         4    #####..
 Summon Ice Beast         Ice/Summ       ##......     58%         4    #####..


Dungeon Overview and Level Annotations

Branches:
Dungeon (8/15)               Lair (0/6) D:8
 Temple: D:4-7

Altars:
Ashenzari
Dithmenos
Elyvilon
Kikubaaqudgha
Makhleb
Okawaru
Trog
Zin
The Shining One

Annotations:
D:6 Edmund
D:7 Joseph


Innate Abilities, Weirdness & Mutations

You cannot wear boots.
Your serpentine skin is tough. (AC +2)
You have supernaturally acute eyesight. (SInv)
Armour fits poorly on your strangely shaped body.
Your system is resistant to poisons. (rPois)
You cover ground very slowly.
You have a slow metabolism.
You can spit poison.


Message History

The centaur shoots an arrow.
The arrow barely misses you.
The centaur shoots an arrow.
The arrow hits you!
The centaur shoots an arrow.
The arrow hits you!
You see here 2 arrows.
The centaur shoots an arrow.
You block the arrow.
There is a stone staircase leading up here.
You see here an arrow.
You climb upwards.
A quokka, Joseph and a skeleton come into view.
Joseph is wielding a +0 quarterstaff and carrying a wand of paralysis (6).
Joseph shouts!
Found a scroll of remove curse.
There is a stone staircase leading down here.
Joseph unwields a +0 quarterstaff.
Joseph wields a +0 hunting sling.
Joseph shoots a sling bullet.
The sling bullet hits you!!
* * * LOW HITPOINT WARNING * * *
You climb downwards.
The centaur shoots an arrow.
The arrow hits you.
* * * LOW HITPOINT WARNING * * *
The centaur shoots an arrow.
The arrow hits you!
You die...

#### ... #.######
#......######
#.....(##...#
#.....((....#####
#......#........#
#..@(..#.#.####.#
#......#.#......#
#.#
#........#...#..#
#.#
#.####.###...##.#
#.# # #c #...##.#
#.# #.
##......###.# #.
..#........# ##
##.###.#####
###...##.#######


You could see a centaur.

Vanquished Creatures
  A sky beast (D:5)
  An ogre (D:4)
  A wolf (D:8)
  A bullfrog (D:5)
  A gnoll sergeant (D:4)
  A scorpion (D:4)
  3 wights (D:6)
  4 crimson imps
  2 hounds (D:4)
  2 orc priests
  4 gnoll shamans (D:4)
  4 orc wizards
  Ijyb (D:5)
  A worker ant (D:5)
  Robin (D:2)
  28 gnolls (D:4)
  7 adders
  2 adder skeletons
  A worm (D:3)
  3 dart slugs
  5 leopard geckos
  15 orcs
  3 ball pythons
  6 giant cockroaches
  15 goblins
  4 hobgoblins
  18 jackals (D:4)
  7 kobolds
  3 quokkas
  6 bats
  6 frilled lizards
  2 goblin skeletons (D:4)
  A goblin zombie (D:4)
  2 hobgoblin zombies (D:4)
  A jackal skeleton (D:5)
  A kobold skeleton (D:4)
  3 kobold zombies (D:4)
  A leopard gecko skeleton (D:3)
  An orc zombie (D:4)
  8 rats
177 creatures vanquished.

Notes
Turn   | Place    | Note
-------+----------+-------------------------------------------
     0 | D:1      | MisterFreud the Naga Ice Elementalist began the quest for
                  | the Orb.
     0 | D:1      | Reached XP level 1. HP: 15/15 MP: 3/3
   124 | D:1      | Reached XP level 2. HP: 20/22 MP: 5/5
   166 | D:1      | Reached skill level 1 in Shields
   342 | D:1      | Reached XP level 3. HP: 28/28 MP: 4/6
   741 | D:2      | Learned a level 3 spell: Frozen Ramparts
   940 | D:2      | Noticed Robin
   946 | D:2      | Killed Robin
   946 | D:2      | Reached XP level 4. HP: 36/36 MP: 3/7
  1162 | D:2      | Found a white marble altar of Elyvilon.
  1696 | D:3      | Reached skill level 5 in Ice Magic
  1729 | D:3      | Reached XP level 5. HP: 42/42 MP: 8/8
  1935 | D:3      | Found a bloodstained altar of Trog.
  2403 | D:4      | Reached XP level 6. HP: 20/50 MP: 4/9
  2406 | D:4      | Found a glowing golden altar of the Shining One.
  2641 | D:4      | Found a glowing silver altar of Zin.
  2643 | D:4      | Found a shattered altar of Ashenzari.
  2686 | D:4      | Found a burning altar of Makhleb.
  3029 | D:4      | Reached XP level 7. HP: 53/63 MP: 10/10
  3174 | D:4      | Reached skill level 1 in Short Blades
  3185 | D:4      | Reached skill level 2 in Short Blades
  3195 | D:4      | Reached skill level 3 in Short Blades
  3511 | D:4      | Reached skill level 4 in Short Blades
  3588 | D:4      | Reached XP level 8. HP: 50/72 MP: 9/11
  3666 | D:4      | Reached skill level 5 in Short Blades
  3763 | D:4      | Found a shadowy altar of Dithmenos.
  4032 | D:5      | Entered Level 5 of the Dungeon
  4047 | D:5      | Found an iron altar of Okawaru.
  4187 | D:5      | Reached skill level 6 in Short Blades
  4362 | D:5      | Noticed Ijyb
  4372 | D:5      | Killed Ijyb
  4399 | D:5      | Reached skill level 7 in Short Blades
  4437 | D:5      | You fall into a shaft and drop 1 floor!
  4716 | D:6      | Noticed Edmund
  4734 | D:5      | Found an ancient bone altar of Kikubaaqudgha.
  4742 | D:5      | You fall into a shaft and drop 3 floors!
  4742 | D:8      | Found a staircase to the Lair.
  4742 | D:8      | Noticed a troll
  4751 | D:8      | Reached skill level 8 in Short Blades
  4789 | D:7      | Noticed Joseph
  4791 | D:8      | Shot with an arrow by a centaur

Levels and vault maps discovered:
D:1:      psy_arrival_terrarium, layout_rooms
D:2:      layout_loops_ring, elyvilon_altar_4, uniq_robin
D:3:      layout_basic, lightli_temple_of_fire, first_ration
D:4:      lemuel_castle_with_subvaults [lemuel_castle_interior_carwin_2],
          layout_rooms, lemuel_doored_altar, bloody_makhleb,
          nicolae_tso_besieged_by_evil,
          chequers_temple_overflow_statue_of_worship
D:5:      layout_loops_ring, nicolae_overflow_hidden_temple, old_standard_altar,
          minmay_misc_feat_cross, uniq_ijyb
D:6:      layout_loops_corners, hex_large, xom_redecorated, uniq_edmund,
          uniq_prince_ribbit1
D:7:      gammafunk_beogh_shrine, layout_layer_cave, vehumet_statue,
          kennysheep_little_box, lemuel_coloured_pillars_altar,
          minmay_temple_entry_purple_smoke, ebering_ghost_rock_garden,
          uniq_duvessa, uniq_joseph
D:8:      layout_loops_corners, nemelex_xobeh_ov_fountains_minmay,
          erik_lair_island, grunt_pizzeria, fedhas_altar_2, uniq_harold

Skill      XL: |  1  2  3  4  5  6  7  8 |
---------------+-------------------------+-----
Shields        | 1 2 |  2.5
Ice Magic      | 5 6 |  6.0
Fighting       | 3 4 |  4.0
Short Blades   | 4 8 |  8.2
Dodging        | |  1.5
Stealth        | |  3.0
Spellcasting   | |  2.0

Action                   |  1- 3 |  4- 6 |  7- 9 || total
-------------------------+-------+-------+-------++-------
Melee: Unarmed           |     5 |       |       ||     5
       Dagger            |     9 |   139 |   119 ||   267
 Cast: Freeze            |    18 |     3 |     6 ||    27
       Frozen Ramparts   |     1 |     8 |    19 ||    28
 Abil: Spit Poison       |    34 |    22 |     7 ||    63
Evoke: Wand              |       |       |     2 ||     2
  Use: Scroll            |     4 |     2 |     3 ||     9
 Stab: Sleeping          |     1 |     1 |       ||     2
  Eat: Chunk             |     2 |     8 |     8 ||    18
Armor: Robe              |     6 |    53 |    66 ||   125
Dodge: Dodged            |    16 |    92 |   107 ||   215
Block: Buckler           |     4 |    27 |    40 ||    71

Table legend:
 A = Non-vault XP
 B = Vault XP
 C = Vault XP percentage of total XP
 D = Non-vault monster count
 E = Vault monster count
 F = Vault count percentage of total count
                 A         B        C        D         E       F
            +---------+---------+-------+---------+---------+-------
      Total |    1335 |     909 |  40.5 |     101 |      76 |  42.9
            +---------+---------+-------+---------+---------+-------
        D:1 |      37 |       0 |   0.0 |      22 |       0 |   0.0
        D:2 |      65 |      36 |  35.6 |      21 |      12 |  36.4
        D:3 |      48 |       0 |   0.0 |      13 |       0 |   0.0
        D:4 |     459 |     727 |  61.3 |      26 |      62 |  70.5
        D:5 |     508 |      35 |   6.4 |      15 |       1 |   6.2
        D:6 |     218 |       0 |   0.0 |       4 |       0 |   0.0
        D:8 |       0 |     111 | 100.0 |       0 |       1 | 100.0
            +---------+---------+-------+---------+---------+-------
